[Event "Team 45 45 League T90"]
[Site "Internet Chess Club"]
[Date "2021.10.16"]
[Round "2"]
[White "liujf"]
[Black "kabindra"]
[Result "1-0"]
[WhiteElo "1598"]
[BlackElo "1659"]
[Opening "Queen's pawn, Mason variation"]
[ECO "D00"]
[Time "17:37:24"]
[TimeControl "2700+45"]

1. d4 d5 2. Bf4 Bf5 3. Nf3 e6 4. e3 Nf6 5. Nbd2 Nc6 6. c3 Bd6 7. Bg3 Ne4 8. Nxe4
dxe4 9. Nd2 O-O 10. Be2 a6 11. O-O b5 12. c4 bxc4 13. Nxc4 Bxg3 14. hxg3 Nb4 15.
Qd2 Rb8 16. a3 Nd5 17. Ne5 Qd6 18. Rac1 f6 19. Nc4 Qd8 20. Na5 Rb6 21. b4 Qe8
22. Qc2 Qd7 23. Nb3 Qa4 24. Nc5 Qxa3 25. Nd7 Rxb4 26. Nxf8 Rb2 27. Qc4 Qxf8 28.
Qxa6 Nb4 29. Qc4 Nd3 30. Rc2 h6 31. Qxc7 Qa3 32. Qc8+ Kh7 33. Bh5 Qa2 34. Bf7
{Black resigns} 1-0

[Event "Team 45 45 League T90"]
[Site "Internet Chess Club"]
[Date "2021.10.16"]
[Round "2"]
[White "MartyJR"]
[Black "cayo89"]
[Result "1/2-1/2"]
[WhiteElo "1444"]
[BlackElo "1538"]
[Opening "Queen's Pawn"]
[ECO "A41"]
[Time "18:02:53"]
[TimeControl "2700+45"]

1. d4 d6 2. Bf4 g6 3. e3 Bg7 4. c3 Nd7 5. Nf3 e5 6. dxe5 dxe5 7. Bg3 Nh6 8. Bh4
Bf6 9. Bxf6 Qxf6 10. Be2 O-O 11. O-O Nf5 12. Nbd2 Nd6 13. Nc4 Nxc4 14. Bxc4 e4
15. Nd4 c6 16. Qc2 Re8 17. Rfd1 Nb6 18. Be2 Bd7 19. Nb3 Rad8 20. Nc5 Bc8 21.
Rxd8 Qxd8 22. Rd1 Qe7 23. Nb3 Nd5 24. Nd4 Qg5 25. c4 Bh3 26. Bf1 Nf6 27. Ne2 Nh5
28. Ng3 Nxg3 29. hxg3 Bg4 30. Be2 h5 31. Qd2 Bc8 32. Qd4 c5 33. Qd6 Be6 34. b3
Qe7 35. Qe5 Bd7 36. Qd5 {Game drawn by mutual agreement} 1/2-1/2

[Event "Team 45 45 League T90"]
[Site "Internet Chess Club"]
[Date "2021.10.15"]
[Round "2"]
[White "fhunfi"]
[Black "Gojira"]
[Result "1-0"]
[WhiteElo "1757"]
[BlackElo "1546"]
[Opening "Sicilian: closed"]
[ECO "B23"]
[Time "21:00:46"]
[TimeControl "2700+45"]

1. e4 c5 2. Nc3 g6 3. d4 cxd4 4. Qxd4 Nf6 5. Be3 Nc6 6. Qd2 Bg7 7. f3 d6 8.
O-O-O Be6 9. Kb1 a6 10. Nge2 O-O 11. g4 Ne5 12. Nd4 Bd7 13. g5 Ne8 14. f4 Nc6
15. h4 Nxd4 16. Bxd4 Bxd4 17. Qxd4 Bg4 18. Be2 Bxe2 19. Nxe2 Nc7 20. f5 Nb5 21.
Qe3 Qc7 22. h5 Rac8 23. Rc1 Qc5 24. Qh3 gxf5 25. exf5 Nd4 26. Nxd4 Qxd4 27. g6
h6 28. gxf7+ Rxf7 29. Rhg1+ Kh7 30. Rg6 Rg8 31. Rf1 Rgf8 32. a3 Rf6 33. Qg2 Rxf5
34. Rxh6+ {Black resigns} 1-0

[Event "Team 45 45 League T90"]
[Site "Internet Chess Club"]
[Date "2021.10.18"]
[Round "2"]
[White "RD1974"]
[Black "fireball"]
[Result "1-0"]
[WhiteElo "1534"]
[BlackElo "1525"]
[Opening "French defense, Steiner variation"]
[ECO "C00"]
[Time "18:12:24"]
[PlyCount "119"]
[TimeControl "2700+45"]

1. e4 e6 2. c4 c5 3. Nf3 g6 4. d4 Bg7 5. Be3 Nc6 6. Nc3 cxd4 7. Nxd4 Nge7 8. Be2
O-O 9. O-O d5 10. cxd5 exd5 11. Nxc6 bxc6 12. Bd4 Be6 13. Bxg7 Kxg7 14. Qd4+ Kg8
15. Bf3 Qb6 16. Qd2 Rfd8 17. Qc2 d4 18. Na4 Qb5 19. b3 Rac8 20. Rfd1 c5 21. Nb2
Nc6 22. Be2 Nb4 23. Qd2 Qd7 24. Rdc1 d3 25. Bd1 Qd4 26. Bf3 Nc2 27. Rab1 Na3 28.
Ra1 c4 29. bxc4 Bxc4 30. Bg4 Rc6 31. Rc3 Nc2 32. Rc1 Rb8 33. R1xc2 Qb6 34. Nxd3
Qb1+ 35. Qc1 Bxd3 36. Rxc6 Bxc2 37. Rxc2 Qb4 38. Bf3 Kg7 39. g3 Qa4 40. Qa1+ Kg8
41. Re2 Qc4 42. Kg2 Qd3 43. e5 Rb1 44. Be4 Qd1 45. Qxb1 Qxe2 46. Qc2 Qa6 47. a4
Qb6 48. Qc4 Kg7 49. Bd5 Qb8 50. e6 fxe6 51. Bxe6 Qb7+ 52. Qd5 Qb6 53. a5 Qb8 54.
Qd7+ Kh6 55. a6 Qb6 56. Bc4 Qb8 57. Qb7 Qd8 58. Qxa7 Qd6 59. Qb7 Qc5 60. Bd5
{Black resigns} 1-0

[Event "Team 45 45 League T90"]
[Site "Internet Chess Club"]
[Date "2021.10.18"]
[Round "2"]
[White "ChessG2011"]
[Black "WillC"]
[Result "0-1"]
[WhiteElo "1451"]
[BlackElo "1428"]
[Opening "Scandinavian defense"]
[ECO "B01"]
[Time "19:01:22"]
[PlyCount "134"]
[TimeControl "2700+45"]

1. e4 d5 2. exd5 Nf6 3. Nc3 Nxd5 4. Nxd5 Qxd5 5. Nf3 Bg4 6. Be2 e6 7. h3 Bh5 8.
O-O Be7 9. b3 Bf6 10. Rb1 O-O 11. Nh2 Bxe2 12. Qxe2 c5 13. d3 Nc6 14. Be3 Nd4
15. Qd2 Rad8 16. Bxd4 cxd4 17. Nf3 Rd7 18. Rfe1 Rc8 19. a3 Rdc7 20. Rb2 Rc3 21.
Ra2 a5 22. Qe2 a4 23. Rb2 axb3 24. cxb3 Rxb3 25. Reb1 Rxb2 26. Qxb2 Rb8 27. Qb3
Qc6 28. Qb4 e5 29. Qb5 Qc7 30. a4 h6 31. a5 Ra8 32. Qxb7 Qxa5 33. Qb3 Rc8 34.
Ne1 Rc3 35. Qb4 Qc7 36. Qb8+ Qxb8 37. Rxb8+ Kh7 38. Kf1 Bg5 39. Ke2 f5 40. Re8
Bf6 41. Nf3 Rc2+ 42. Ke1 Rc5 43. Ke2 g5 44. g4 fxg4 45. hxg4 Kg6 46. Rg8+ Kf7
47. Rb8 Rc2+ 48. Ke1 Rc6 49. Rb5 Re6 50. Nd2 Kg6 51. Ne4 Be7 52. Ke2 h5 53. f3
h4 54. Nf2 Kf6 55. Ne4+ Kg6 56. Nf2 Bf6 57. Rc5 Rb6 58. Rc1 Rb2+ 59. Ke1 Be7 60.
Kf1 Rd2 61. Ke1 Bb4 62. Kf1 Bc3 63. Rb1 Rb2 64. Rd1 Bd2 65. Ra1 Be3 66. Ra6+ Kf7
67. Ra7+ Ke6 {White resigns} 0-1

[Event "Team 45 45 League T90"]
[Site "Internet Chess Club"]
[Date "2021.10.16"]
[Round "2"]
[White "gduranko"]
[Black "smsxman"]
[Result "1-0"]
[WhiteElo "1406"]
[BlackElo "1224"]
[Opening "Scandinavian (center counter) defense"]
[ECO "B01"]
[Time "14:00:29"]
[TimeControl "2700+45"]

1. e4 d5 2. exd5 Qxd5 3. Nc3 Qd8 4. d4 e6 5. Nf3 Nf6 6. Bg5 Be7 7. Bc4 Bd7 8.
O-O a6 9. Re1 b5 10. Bb3 a5 11. d5 a4 12. dxe6 axb3 13. exd7+ Nbxd7 14. cxb3 b4
15. Nd5 Nxd5 16. Qxd5 f6 17. Bf4 Rc8 18. Rad1 Nb6 19. Qc6+ Nd7 20. Nd4 O-O 21.
Qe6+ Rf7 22. Nc6 Qe8 23. Nxe7+ Kf8 24. Nxc8 Qxc8 25. Qc6 Nb8 26. Qc5+ Kg8 27.
Qxb4 Nd7 28. Qc4 Kf8 29. Bd6+ Kg8 30. Re7 Ne5 31. Bxe5 Qf8 32. Rxf7 Qxf7 33.
Qxf7+ Kxf7 34. Bxc7 {Black resigns} 1-0

[Event "Team 45 45 League T90"]
[Site "Internet Chess Club"]
[Date "2021.10.17"]
[Round "2"]
[White "Denis240964"]
[Black "oldsj"]
[Result "1/2-1/2"]
[WhiteElo "1386"]
[BlackElo "1416"]
[Opening "Sicilian: Canal-Sokolsky (Nimzovich-Rossolimo, Moscow) attack"]
[ECO "B51"]
[Time "13:00:19"]
[PlyCount "68"]
[TimeControl "2700+45"]

1. e4 c5 2. Nf3 d6 3. Bb5+ Nc6 4. c3 a6 5. Qa4 Bd7 6. Bxc6 Bxc6 7. Qc2 Nf6 8. d3
e6 9. O-O Be7 10. Bg5 O-O 11. Nbd2 b5 12. Rfe1 h6 13. Bh4 Nh5 14. Bxe7 Qxe7 15.
d4 cxd4 16. cxd4 Rac8 17. Qd1 Nf4 18. Nb3 Rfd8 19. d5 Ba8 20. Qd2 Qf6 21. g3 Ng6
22. Kg2 Ne7 23. dxe6 fxe6 24. Rad1 Rf8 25. Re3 Bxe4 26. Qe2 d5 27. Rd2 Nf5 28.
Rxe4 dxe4 29. Qxe4 Rc4 30. Qb7 e5 31. Qd5+ Kh8 32. Qxe5 Rc6 33. Re2 Qxe5 34.
Nxe5 Rd6 {Game drawn by mutual agreement} 1/2-1/2

[Event "Team 45 45 League T90"]
[Site "Internet Chess Club"]
[Date "2021.10.15"]
[Round "2"]
[White "BrerRabbit"]
[Black "gregorgg"]
[Result "1/2-1/2"]
[WhiteElo "1376"]
[BlackElo "1368"]
[Opening "Neo-Grünfeld, 6.O-O c6"]
[ECO "D78"]
[Time "15:30:49"]
[TimeControl "2700+45"]

1. d4 Nf6 2. Nf3 g6 3. g3 Bg7 4. Bg2 O-O 5. O-O d5 6. c4 c6 7. b3 dxc4 8. bxc4
c5 9. Bb2 cxd4 10. Nxd4 Qb6 11. Qb3 Nbd7 12. Nd2 Ne8 13. e3 Nd6 14. Rab1 Qd8 15.
Rfc1 Nc5 16. Qa3 Ne6 17. Nxe6 Bxe6 18. Bxg7 Kxg7 19. Qc3+ Kg8 20. Bxb7 Nxb7 21.
Rxb7 Qd6 22. Qb4 Qxb4 23. Rxb4 Rfd8 24. Nf3 f6 25. Nd4 Bf7 26. Rb7 Rdc8 27. Rb4
Rc7 28. a3 Rac8 29. Ra4 Bxc4 30. Rb1 {Game drawn by mutual agreement} 1/2-1/2

[Event "Team 45 45 League T90"]
[Site "Internet Chess Club"]
[Date "2021.10.15"]
[Round "2"]
[White "stantheman59"]
[Black "rhayder"]
[Result "1-0"]
[WhiteElo "1203"]
[BlackElo "970"]
[Opening "Queen's pawn: London system"]
[ECO "A45"]
[Time "19:06:46"]
[TimeControl "2700+45"]

1. d4 Nf6 2. Bf4 e6 3. e3 Bd6 4. Bxd6 cxd6 5. Bd3 O-O 6. Nc3 b6 7. Qf3 Qc7 8.
Qxa8 Nc6 9. Nb5 Qb8 10. Qxb8 Nxb8 11. Nxa7 Bb7 12. f3 {Black resigns} 1-0

[Event "Team 45 45 League T90"]
[Site "Internet Chess Club"]
[Date "2021.10.14"]
[Round "2"]
[White "marioseixas1992"]
[Black "Gojira"]
[Result "1-0"]
[WhiteElo "1359"]
[BlackElo "1554"]
[Opening "Sicilian: accelerated fianchetto, Maróczy bind"]
[ECO "B36"]
[Time "23:01:37"]
[TimeControl "2700+45"]

1. e4 c5 2. Nf3 g6 3. d4 cxd4 4. Nxd4 Nc6 5. c4 Nf6 6. Nc3 d6 7. Nc2 Bg7 8. Be2
O-O 9. O-O Be6 10. f4 Qa5 11. Bd2 Bxc4 12. Bxc4 Qc5+ 13. Ne3 e6 14. Kh1 Nd4 15.
Na4 Qc6 16. Bc3 Nb5 17. Bxf6 Bxf6 18. Qd3 Nc7 19. Nc3 a6 20. Rad1 Rfd8 21. Ng4
Bg7 22. f5 h5 23. f6 Bh8 24. Nh6+ Kf8 25. g4 d5 26. exd5 exd5 27. Nxd5 Rd6 28.
gxh5 Rad8 29. hxg6 Bxf6 30. g7+ Bxg7 31. Rxf7+ Ke8 32. Re1+ Re6 33. Rxe6+ Qxe6
34. Nxc7# {Black checkmated} 1-0

[Event "Team 45 45 League T90"]
[Site "Internet Chess Club"]
[Date "2021.10.16"]
[Round "2"]
[White "rkjulianjr"]
[Black "g8wrb"]
[Result "1-0"]
[WhiteElo "1333"]
[BlackElo "1271"]
[Opening "Nimzo-Indian: Reshevsky variation"]
[ECO "E46"]
[Time "13:02:40"]
[TimeControl "2700+45"]

1. d4 e6 2. c4 Nf6 3. Nc3 Bb4 4. e3 O-O 5. Ne2 b6 6. a3 Be7 7. Ng3 Bb7 8. d5
exd5 9. cxd5 Bd6 10. e4 Re8 11. Be2 c6 12. f4 cxd5 13. e5 Bxe5 14. fxe5 Rxe5 15.
O-O Nc6 16. Bf4 Re8 17. Nb5 Ba6 18. Nc7 Bxe2 19. Nxe2 Qe7 20. Nxe8 Qc5+ 21. Kh1
Rxe8 22. Re1 Ng4 23. Bg3 Nf2+ 24. Bxf2 Qxf2 25. Ng3 {Black resigns} 1-0

[Event "Team 45 45 League T90"]
[Site "Internet Chess Club"]
[Date "2021.10.17"]
[Round "2"]
[White "SeniorCitizen"]
[Black "CMAlge"]
[Result "1-0"]
[WhiteElo "1304"]
[BlackElo "1215"]
[Opening "Danish gambit"]
[ECO "C21"]
[Time "16:00:16"]
[PlyCount "147"]
[TimeControl "2700+45"]

1. e4 e5 2. d4 exd4 3. c3 Qe7 4. cxd4 Qxe4+ 5. Qe2 Qxe2+ 6. Bxe2 Nc6 7. Nf3 Nb4
8. Kd2 Nf6 9. Nc3 Be7 10. a3 Nbd5 11. Nxd5 Nxd5 12. Kd1 d6 13. h3 Bf5 14. Bc4
Nb6 15. Bb3 d5 16. Bf4 Rc8 17. Re1 Be4 18. Rc1 c6 19. Rc3 O-O 20. g3 Rfe8 21.
Nd2 Bf6 22. Be3 Bg6 23. Nf3 Nd7 24. Bc2 Bxc2+ 25. Kxc2 b6 26. Kb1 c5 27. Rcc1 c4
28. Rc3 b5 29. Rec1 Nb6 30. b3 b4 31. axb4 Be7 32. b5 Bb4 33. R3c2 Ba3 34. Rd1
cxb3 35. Rc6 Rxc6 36. bxc6 f6 37. Rd3 Nc4 38. Rxb3 Be7 39. Rb7 Na5 40. Rxa7 Nxc6
41. Rc7 Rb8+ 42. Kc1 Ba3+ 43. Kd1 Nb4 44. Ra7 Bb2 45. Ke2 Nc6 46. Rd7 Rb3 47.
Rxd5 Nb4 48. Rb5 Ba3 49. Bd2 Rb2 50. d5 Nc2 51. Rxb2 Bxb2 52. d6 Kf7 53. Kd3 Na3
54. Nd4 Ke8 55. Bb4 Bxd4 56. f3 Bf2 57. Bxa3 Bxg3 58. Ke4 Kd7 59. Kd5 g5 60. Bc5
f5 61. Be3 f4 62. Bc5 h5 63. Ke5 g4 64. Ke4 h4 65. fxg4 Ke6 66. g5 f3 67. Kxf3
Kf5 68. d7 Bc7 69. Be7 Ke6 70. d8=Q Bxd8 71. Bxd8 Kf5 72. Bf6 Kg6 73. Kg4 Kh7
74. Kxh4 {Black resigns} 1-0

[Event "Team 45 45 League T90"]
[Site "Internet Chess Club"]
[Date "2021.10.13"]
[Round "2"]
[White "Fulmar"]
[Black "PsyMar"]
[Result "1-0"]
[WhiteElo "1192"]
[BlackElo "1296"]
[Opening "Ruy Lopez: Wormald (Alapin) attack"]
[ECO "C77"]
[Time "09:04:21"]
[TimeControl "2700+45"]

1. e4 e5 2. Nf3 Nc6 3. Bb5 a6 4. Ba4 Nf6 5. Qe2 b5 6. Bb3 Bb7 7. c3 Bc5 8. d3
O-O 9. Bg5 Be7 10. O-O d5 11. Bxf6 Bxf6 12. Bxd5 Be7 13. Bxc6 Bxc6 14. Nxe5
{Black resigns} 1-0